| TOP OF THE 1ST |
|
Bend Bandits batting - Pitching for Modesto Nuts : RHP David del Cid
|
|
Pitching: RHP David del Cid
|
|
|
Batting: LHB Chris Baird
|
0-0: Ball 1-0: Ball 2-0: Swinging Strike 2-1: Fly out, F7 (Flyball, 7S, EV 87.5 MPH)
|
|
Batting: LHB Jim Riggs
|
0-0: Ball 1-0: Fly out, F4 (Line Drive, 4, EV 63.1 MPH)
|
|
Batting: RHB Kevin Romine
|
0-0: SINGLE (Flyball, 3D, EV 94.4 MPH)
|
|
Batting: LHB Darcy Walker
|
0-0: Foul Ball, location: 2F 0-1: Ball 1-1: Ball 2-1: Ball Wild Pitch! Kevin Romine to second 3-1: Foul Ball, location: 2F 3-2: SINGLE (Groundball, 34D, EV 105.0 MPH) Kevin Romine to third Kevin Romine scores
|
|
Batting: RHB Jeff Doerr
|
0-0: Ball 1-0: Foul Ball, location: 2F 1-1: Ball 2-1: Ball 3-1: Foul Ball, location: 2F 3-2: Foul Ball, location: 2F 3-2: Base on Balls Darcy Walker to second
|
|
Batting: RHB Trajano Estrela
|
0-0: Foul Ball, location: 2F 0-1: Foul Ball, location: 2F 0-2: Ball 1-2: Ball 2-2: Foul Ball, location: 2F 2-2: Ball 3-2: Fly out, F9 (Line Drive, 9, EV 100.6 MPH)
|
| Top of the 1st over - 1 run, 2 hits, 0 errors, 2 left on base; Bend 1 - Modesto 0 |
| BOTTOM OF THE 1ST |
|
Modesto Nuts batting - Pitching for Bend Bandits : RHP Ignacio Sola
|
|
Pitching: RHP Ignacio Sola
|
|
|
Batting: RHB Mike Miller
|
0-0: Ground out 4-3 (Groundball, 4M, EV 76.9 MPH)
|
|
Batting: RHB Johnny Tutt
|
0-0: Ball 1-0: Foul Ball, location: 2F 1-1: SINGLE (Groundball, 6S, EV 74.4 MPH) (infield hit)
|
|
Batting: LHB Dave McLaughlin
|
0-0: Ball 1-0: Ball 2-0: DOUBLE (Line Drive, 7LM, EV 93.1 MPH) Johnny Tutt to third Runner from 3rd tries for Home, SAFE, throw by LF to home
|
|
Batting: RHB Antonio Lopez
|
0-0: Ball 1-0: Ball 2-0: SINGLE (Flyball, 3D, EV 87.5 MPH) Dave McLaughlin to third
|
|
Batting: RHB Andre Lowe
|
0-0: Ball 1-0: Foul Ball, location: 2F 1-1: Ball 2-1: Foul Ball, location: 2F 2-2: Foul Ball, location: 2F 2-2: Foul Ball, location: 2F 2-2: Ball 3-2: Base on Balls Antonio Lopez to second
|
|
Batting: LHB Nelson Burciaga
|
0-0: Ball 1-0: Foul Ball, location: 2F 1-1: DOUBLE (Groundball, 3L, EV 106.3 MPH) Dave McLaughlin scores Antonio Lopez scores Andre Lowe to third Runner from 3rd tries for Home, SAFE, throw by RF to trailing runner, SAFE at third!
|
|
Batting: RHB Jesus Vila
|
0-0: Ball 1-0: Called Strike 1-1: Called Strike 1-2: DOUBLE (Line Drive, 9LD, EV 101.9 MPH) Nelson Burciaga scores
|
|
Batting: RHB Carlos Leal
|
0-0: Swinging Strike 0-1: Ball 1-1: Foul Ball, location: 2F 1-2: Ball 2-2: Foul Ball, location: 2F 2-2: Ground out U3 (Groundball, 3S, EV 88.8 MPH) Jesus Vila to third
|
|
Batting: RHB Larry Tribble
|
0-0: Called Strike 0-1: Swinging Strike 0-2: SINGLE (Line Drive, 5D, EV 97.5 MPH) Jesus Vila scores
|
|
Pitching: RHP Dale Drew
|
|
|
Batting: RHB Mike Miller
|
0-0: Called Strike 0-1: Ball 1-1: Ball 2-1: Ball 3-1: Base on Balls Larry Tribble to second
|
|
Batting: RHB Johnny Tutt
|
0-0: Called Strike 0-1: SINGLE (Groundball, 56S, EV 64.4 MPH) (infield hit) Larry Tribble to third Mike Miller to second
|
|
Batting: LHB Dave McLaughlin
|
0-0: Fly out, F9 (Line Drive, 9S, EV 99.4 MPH)
|
| Bottom of the 1st over - 6 runs, 7 hits, 0 errors, 3 left on base; Bend 1 - Modesto 6 |
| TOP OF THE 2ND |
|
Bend Bandits batting - Pitching for Modesto Nuts : RHP David del Cid
|
|
Batting: RHB Ronald Harper
|
0-0: Ball 1-0: Ball 2-0: Ball 3-0: Called Strike 3-1: Fly out, F9 (Flyball, 9LS, EV 95.0 MPH)
|
|
Batting: RHB Jeffrey Ulrich
|
0-0: Ball 1-0: Called Strike 1-1: Called Strike 1-2: Ground out 6-3 (Groundball, 56, EV 96.3 MPH)
|
|
Batting: RHB Jeffrey Thompson
|
0-0: Ball 1-0: Ball 2-0: Ball 3-0: Base on Balls
|
|
Batting: LHB Chris Baird
|
0-0: Called Strike 0-1: Swinging Strike 0-2: Ball 1-2: Ground out 4-3 (Groundball, 4S, EV 75.0 MPH)
|
| Top of the 2nd over - 0 runs, 0 hits, 0 errors, 1 left on base; Bend 1 - Modesto 6 |
| BOTTOM OF THE 2ND |
|
Modesto Nuts batting - Pitching for Bend Bandits : RHP Dale Drew
|
|
Batting: RHB Antonio Lopez
|
0-0: Called Strike 0-1: Foul Ball, location: 2F 0-2: Ball 1-2: Ball 2-2: Strikes out swinging
|
|
Batting: RHB Andre Lowe
|
0-0: Swinging Strike 0-1: Called Strike 0-2: Strikes out looking
|
|
Batting: LHB Nelson Burciaga
|
0-0: Called Strike 0-1: Ball 1-1: Ball 2-1: Foul Ball, location: 2F 2-2: Fly out, F8 (Flyball, 8RD, EV 104.4 MPH)
|
| Bottom of the 2nd over - 0 runs, 0 hits, 0 errors, 0 left on base; Bend 1 - Modesto 6 |
| TOP OF THE 3RD |
|
Bend Bandits batting - Pitching for Modesto Nuts : RHP David del Cid
|
|
Batting: LHB Jim Riggs
|
0-0: Swinging Strike 0-1: SOLO HOME RUN (Flyball, 9D, EV 108.1 MPH), Distance : 354 ft
|
|
Batting: RHB Kevin Romine
|
0-0: Ball 1-0: Called Strike 1-1: Swinging Strike 1-2: Ball 2-2: Foul Ball, location: 2F 2-2: Fly out, F7 (Flyball, 7D, EV 95.6 MPH)
|
|
Batting: LHB Darcy Walker
|
0-0: SINGLE (Groundball, 4MD, EV 98.1 MPH)
|
|
Batting: RHB Jeff Doerr
|
0-0: Ball 1-0: Foul Ball, location: 2F 1-1: Ball 2-1: Foul Ball, location: 2F 2-2: SINGLE (Groundball, P, EV 92.5 MPH) (infield hit) Darcy Walker to second
|
|
Batting: RHB Trajano Estrela
|
0-0: Swinging Strike 0-1: Foul Ball, location: 2F 0-2: Foul Ball, location: 2F 0-2: Strikes out swinging
|
|
Batting: RHB Ronald Harper
|
0-0: Ball 1-0: Ball 2-0: Called Strike 2-1: Foul Ball, location: 2F 2-2: Ball 3-2: Base on Balls Darcy Walker to third Jeff Doerr to second
|
|
Batting: RHB Jeffrey Ulrich
|
0-0: Called Strike 0-1: Swinging Strike 0-2: Ball 1-2: Ball 2-2: Ground out 4-3 (Groundball, 4, EV 100.6 MPH)
|
| Top of the 3rd over - 1 run, 3 hits, 0 errors, 3 left on base; Bend 2 - Modesto 6 |
| BOTTOM OF THE 3RD |
|
Modesto Nuts batting - Pitching for Bend Bandits : RHP Dale Drew
|
|
Batting: RHB Jesus Vila
|
0-0: Fly out, F7 (Flyball, 78D, EV 91.9 MPH)
|
|
Batting: RHB Carlos Leal
|
0-0: Ground out 3-1 (Groundball, 34, EV 103.1 MPH)
|
|
Batting: RHB Larry Tribble
|
0-0: Fly out, F6 (Line Drive, 6, EV 67.5 MPH)
|
| Bottom of the 3rd over - 0 runs, 0 hits, 0 errors, 0 left on base; Bend 2 - Modesto 6 |
| TOP OF THE 4TH |
|
Bend Bandits batting - Pitching for Modesto Nuts : RHP David del Cid
|
|
Batting: RHB Jeffrey Thompson
|
0-0: Ball 1-0: Ball 2-0: Ball 3-0: Base on Balls
|
|
Batting: LHB Chris Baird
|
0-0: Called Strike 0-1: Fly out, F5 (Popup, 5F, EV 74.4 MPH)
|
|
Batting: LHB Jim Riggs
|
0-0: Foul Ball, location: 2F 0-1: Foul Ball, location: 2F 0-2: Ball 1-2: Foul Ball, location: 2F 1-2: Ball 2-2: SINGLE (Groundball, 4M, EV 88.1 MPH) (infield hit) Jeffrey Thompson to second
|
|
Batting: RHB Kevin Romine
|
0-0: Ball 1-0: Grounds into double play, 5-4-3 (Groundball, 56S, EV 91.3 MPH)
|
| Top of the 4th over - 0 runs, 1 hit, 0 errors, 1 left on base; Bend 2 - Modesto 6 |
| BOTTOM OF THE 4TH |
|
Modesto Nuts batting - Pitching for Bend Bandits : RHP Dale Drew
|
|
Batting: RHB Mike Miller
|
0-0: Called Strike 0-1: Foul Ball, location: 2F 0-2: Ball 1-2: Foul Ball, location: 2F 1-2: Ground out 1-3 (Groundball, 13S, EV 65.6 MPH)
|
|
Batting: RHB Johnny Tutt
|
0-0: Ball 1-0: Foul Ball, location: 2F 1-1: Called Strike 1-2: Fly out, F4 (Line Drive, 4, EV 68.8 MPH)
|
|
Batting: LHB Dave McLaughlin
|
0-0: Ball 1-0: Ball 2-0: Foul Ball, location: 2F 2-1: Ball 3-1: Base on Balls
|
|
Batting: RHB Antonio Lopez
|
0-0: Ball 1-0: Fly out, F9 (Flyball, 9D, EV 91.9 MPH)
|
| Bottom of the 4th over - 0 runs, 0 hits, 0 errors, 1 left on base; Bend 2 - Modesto 6 |
| TOP OF THE 5TH |
|
Bend Bandits batting - Pitching for Modesto Nuts : RHP David del Cid
|
|
Batting: LHB Darcy Walker
|
0-0: Ball 1-0: Foul Ball, location: 2F 1-1: Ball 2-1: Ball 3-1: Called Strike 3-2: Base on Balls
|
|
Batting: RHB Jeff Doerr
|
0-0: Ball 1-0: Foul Ball, location: 2F 1-1: Reached on error, E3 (Groundball, 3, EV 102.5 MPH) Darcy Walker to second
|
|
Pitching: RHP Glenn Ray
|
|
|
Batting: RHB Trajano Estrela
|
0-0: Ball 1-0: Called Strike 1-1: Ball 2-1: Sac Bunt to 13S - play at first, batter OUT! 1-3 Darcy Walker to third Jeff Doerr to second
|
|
Batting: RHB Ronald Harper
|
0-0: Ground out 6-3 (Groundball, 6, EV 86.3 MPH) Darcy Walker scores
|
|
Batting: RHB Jeffrey Ulrich
|
0-0: Ball 1-0: Ball 2-0: SINGLE (Groundball, 6MD, EV 94.4 MPH) Jeff Doerr to third Runner from 3rd tries for Home, SAFE, throw by CF to home
|
|
Batting: RHB Jeffrey Thompson
|
0-0: Foul Ball, location: 2F 0-1: Swinging Strike 0-2: Ball 1-2: Strikes out swinging
|
| Top of the 5th over - 2 runs, 1 hit, 1 error, 1 left on base; Bend 4 - Modesto 6 |
| BOTTOM OF THE 5TH |
|
Modesto Nuts batting - Pitching for Bend Bandits : RHP Dale Drew
|
|
Batting: RHB Andre Lowe
|
0-0: Foul Ball, location: 2F 0-1: Foul Ball, location: 2F 0-2: Ball 1-2: Ground out 1-3 (Groundball, 34S, EV 66.3 MPH)
|
|
Batting: LHB Nelson Burciaga
|
0-0: Called Strike 0-1: Ball 1-1: Ball 2-1: Called Strike 2-2: Ball 3-2: Base on Balls
|
|
Pitching: RHP Reggie Bratton
|
|
|
Batting: RHB Jesus Vila
|
0-0: Foul Ball, location: 2F 0-1: Ball 1-1: Ball 2-1: Ball 3-1: SINGLE (Flyball, 89S, EV 93.1 MPH) Nelson Burciaga to second
|
|
Batting: RHB Carlos Leal
|
0-0: Ball 1-0: Foul Ball, location: 2F 1-1: SINGLE (Groundball, 6MD, EV 96.3 MPH) (infield hit) Nelson Burciaga to third Jesus Vila to second
|
|
Batting: RHB Larry Tribble
|
0-0: Ball 1-0: Fly out, F9 (Flyball, 9S, EV 94.4 MPH)
|
|
Batting: RHB Mike Miller
|
0-0: Ball 1-0: Ball 2-0: Ball 3-0: Called Strike 3-1: Swinging Strike 3-2: Base on Balls Nelson Burciaga scores Jesus Vila to third Carlos Leal to second
|
|
Batting: RHB Johnny Tutt
|
0-0: Ball 1-0: Ball 2-0: Foul Ball, location: 2F 2-1: Ball 3-1: Base on Balls Jesus Vila scores Carlos Leal to third Mike Miller to second
|
|
Batting: LHB Dave McLaughlin
|
0-0: Called Strike 0-1: Ball 1-1: Ball 2-1: Ball 3-1: Fielders Choice at 2nd, 6-4 (Groundball, 6, EV 108.1 MPH)
|
| Bottom of the 5th over - 2 runs, 2 hits, 0 errors, 3 left on base; Bend 4 - Modesto 8 |
| TOP OF THE 6TH |
|
Bend Bandits batting - Pitching for Modesto Nuts : RHP Glenn Ray
|
|
Batting: LHB Chris Baird
|
0-0: Called Strike 0-1: Foul Ball, location: 2F 0-2: Ball 1-2: Ball 2-2: Fly out, F8 (Flyball, 78M, EV 94.4 MPH)
|
|
Batting: LHB Jim Riggs
|
0-0: Ball 1-0: Ball 2-0: Ground out 5-3 (Groundball, 5, EV 82.5 MPH)
|
|
Batting: RHB Kevin Romine
|
0-0: Swinging Strike 0-1: Ball 1-1: Foul Ball, location: 2F 1-2: Ball 2-2: Fly out, F7 (Flyball, 7D, EV 100.0 MPH)
|
| Top of the 6th over - 0 runs, 0 hits, 0 errors, 0 left on base; Bend 4 - Modesto 8 |
| BOTTOM OF THE 6TH |
|
Modesto Nuts batting - Pitching for Bend Bandits : RHP Reggie Bratton
|
|
Batting: RHB Antonio Lopez
|
0-0: SINGLE (Groundball, 5D, EV 100.0 MPH)
|
|
Batting: RHB Andre Lowe
|
0-0: Fly out, F6 (Popup, 4MD, EV 55.0 MPH)
|
|
Batting: LHB Nelson Burciaga
|
0-0: Ball Antonio Lopez is caught stealing 2nd base 2-6 1-0: Ground out 5-3 (Groundball, 5L, EV 75.0 MPH)
|
| Bottom of the 6th over - 0 runs, 1 hit, 0 errors, 0 left on base; Bend 4 - Modesto 8 |
| TOP OF THE 7TH |
|
Bend Bandits batting - Pitching for Modesto Nuts : RHP Glenn Ray
|
|
Batting: LHB Darcy Walker
|
0-0: Called Strike 0-1: Ball 1-1: Ground out 4-3 (Groundball, 4, EV 85.0 MPH)
|
|
Batting: RHB Jeff Doerr
|
0-0: Called Strike 0-1: SINGLE (Groundball, 56D, EV 97.5 MPH)
|
|
Batting: RHB Trajano Estrela
|
0-0: Ball 1-0: Fly out, F6 (Popup, 15S, EV 80.6 MPH)
|
|
Batting: RHB Ronald Harper
|
0-0: Foul Ball, location: 2F 0-1: SINGLE (Line Drive, 89M, EV 87.5 MPH) Jeff Doerr to second Runner from 2nd tries for 3rd, SAFE, throw by CF made to third
|
|
Batting: RHB Jeffrey Ulrich
|
0-0: Foul Ball, location: 2F 0-1: SINGLE (Groundball, 4MD, EV 100.0 MPH) Jeff Doerr scores Ronald Harper to second Runner from 2nd tries for 3rd, SAFE, throw by CF made to third
|
|
Batting: RHB Jeffrey Thompson
|
0-0: Called Strike 0-1: Fly out, F7 (Flyball, 78S, EV 89.4 MPH)
|
| Top of the 7th over - 1 run, 3 hits, 0 errors, 2 left on base; Bend 5 - Modesto 8 |
| BOTTOM OF THE 7TH |
|
Modesto Nuts batting - Pitching for Bend Bandits : RHP Reggie Bratton
|
|
Batting: RHB Jesus Vila
|
0-0: Ball 1-0: SINGLE (Groundball, 6D, EV 105.0 MPH)
|
|
Batting: RHB Carlos Leal
|
0-0: Ball 1-0: Ball 2-0: Called Strike 2-1: Called Strike 2-2: Ball 3-2: Grounds into double play, 6-4-3 (Groundball, 56D, EV 83.1 MPH)
|
|
Batting: RHB Larry Tribble
|
0-0: Called Strike 0-1: Fly out, F8 (Flyball, 8LXD, EV 103.8 MPH)
|
| Bottom of the 7th over - 0 runs, 1 hit, 0 errors, 0 left on base; Bend 5 - Modesto 8 |
| TOP OF THE 8TH |
|
Bend Bandits batting - Pitching for Modesto Nuts : RHP Glenn Ray
|
|
Batting: LHB Chris Baird
|
0-0: Foul Ball, location: 2F 0-1: TRIPLE (Flyball, 78XD, EV 103.1 MPH)
|
|
Batting: LHB Jim Riggs
|
0-0: Ball 1-0: Ball 2-0: Called Strike 2-1: Ball 3-1: Called Strike 3-2: Ground out 4-3 (Groundball, 4, EV 104.4 MPH) Chris Baird scores
|
|
Batting: RHB Kevin Romine
|
0-0: Swinging Strike 0-1: Ball 1-1: Ball 2-1: Foul Ball, location: 2F 2-2: Ball 3-2: Base on Balls
|
|
Pitching: LHP Timothy Fagely
|
|
|
Batting: LHB Darcy Walker
|
0-0: Foul Ball, location: 2F 0-1: Fly out, F7 (Flyball, 78XD, EV 92.5 MPH)
|
|
Batting: RHB Jeff Doerr
|
0-0: Called Strike 0-1: Called Strike 0-2: Strikes out swinging
|
| Top of the 8th over - 1 run, 1 hit, 0 errors, 1 left on base; Bend 6 - Modesto 8 |
| BOTTOM OF THE 8TH |
|
Modesto Nuts batting - Pitching for Bend Bandits : RHP Reggie Bratton
|
|
Batting: RHB Mike Miller
|
0-0: Ball 1-0: Ball 2-0: Ball 3-0: Base on Balls
|
|
Batting: RHB Johnny Tutt
|
0-0: Ball 1-0: Ball 2-0: Swinging Strike 2-1: Foul Ball, location: 2F 2-2: Fly out, F7 (Line Drive, 7D, EV 101.3 MPH)
|
|
Batting: LHB Dave McLaughlin
|
0-0: Ball Mike Miller steals 2nd base 1-0: Intentional Walk
|
|
Batting: RHB Antonio Lopez
|
0-0: Fielders Choice at 2nd, 6-4 (Groundball, 6, EV 81.9 MPH) Mike Miller to third
|
|
Pitching: RHP Craig Bricker
|
|
|
Batting: RHB Andre Lowe
|
0-0: Ball 1-0: Foul Ball, location: 2F 1-1: Ball 2-1: Ball 3-1: Ground out 4-3 (Groundball, 4, EV 83.8 MPH)
|
| Bottom of the 8th over - 0 runs, 0 hits, 0 errors, 2 left on base; Bend 6 - Modesto 8 |
| TOP OF THE 9TH |
|
Bend Bandits batting - Pitching for Modesto Nuts : LHP Timothy Fagely
|
|
Now at 1B: Jeff Mace
|
|
|
Batting: RHB Trajano Estrela
|
0-0: Ball 1-0: Called Strike 1-1: Swinging Strike 1-2: Ball 2-2: Strikes out swinging
|
|
Batting: RHB Ronald Harper
|
0-0: Ball 1-0: Ball 2-0: Ground out 6-3 (Groundball, 6, EV 85.0 MPH)
|
|
Batting: RHB Jeffrey Ulrich
|
0-0: Ground out 1-3 (Groundball, 13S, EV 71.9 MPH)
|
| Top of the 9th over - 0 runs, 0 hits, 0 errors, 0 left on base; Bend 6 - Modesto 8 |
|